 Dungeon Crawl Stone Soup version 0.25-a0-942-g87a53962fc (webtiles) character file.

Game seed: 5909658342887664981, levelgen mode: deterministic

104098 Flugslaktarn the Severer (level 15, -2/146 HPs)
             Began as a Minotaur Fighter on May 8, 2020.
             Was an Initiate of Gozag.
             Killed from afar by a lich (18 damage)
             ... with an iron shot
             ... on level 15 of the Dungeon.
             The game lasted 00:14:47 (30885 turns).

Flugslaktarn the Severer (Minotaur Fighter)        Turns: 30885, Time: 00:14:48

Health: -2/146     AC: 23    Str: 29    XL:     15   Next: 90%
Magic:  0/14       EV:  9    Int:  5    God:    Gozag
Gold:   2976       SH: 14    Dex: 13    Spells: 14/14 levels left

rFire    . . .     SeeInvis .   D - +5 broad axe (venom)
rCold    + + .     Gourm    .   k - +0 kite shield
rNeg     . . .     Faith    .   a - +8 chain mail of the Fiend {rC+}
rPois    .         Spirit   +   (helmet restricted)
rElec    .         Reflect  .   Q - +0 cloak "Molefoil" {Str+3}
rCorr    .         Harm     .   K - +2 pair of gloves
MR       +....                  (no boots)
Stlth    ..........             i - amulet of guardian spirit
HPRegen  0.34/turn              n - ring of Waumpyt {+Fly rC+ Str+2}
MPRegen  0.14/turn              p - +4 ring of protection

@: corroded, slowed, lightly drained, very slow
A: retaliatory headbutt, horns 2
a: Potion Petition, Call Merchant, Bribe Branch, Renounce Religion, Evoke Flight


You were on level 15 of the Dungeon.
You worshipped Gozag.
Gozag was most pleased with you.
You were not hungry.

You visited 3 branches of the dungeon, and saw 23 of its levels.
You also visited: Sewer.

You collected 9194 gold pieces.
You spent 1463 gold pieces at shops.
You paid 4755 gold pieces to Gozag.

Inventory:

Hand Weapons
 D - a +5 broad axe of venom (weapon)
   (You found it on level 11 of the Dungeon)
Missiles
 v - 2 throwing nets (quivered)
Armour
 a - the +8 chain mail of the Fiend (worn) {rC+}
   (You bought it in a shop on level 1 of the Lair of Beasts)

   It protects you from cold.
 k - a +0 kite shield (worn)
 m - a +2 cloak
   (You took it off Crazy Yiuf on level 3 of the Dungeon)
 s - a +1 pair of gloves
   (You found it on level 4 of the Dungeon)
 J - a scarf of cloud immunity
   (You bought it in a shop on level 2 of the Orcish Mines)
 K - a +2 pair of gloves (worn)
   (You bought it in a shop on level 2 of the Orcish Mines)
 Q - the +0 cloak "Molefoil" (worn) {Str+3}
   (You bought it in a shop on level 14 of the Dungeon)

   It affects your strength (+3).
Jewellery
 c - an uncursed ring of protection from cold
   (You found it on level 1 of the Lair of Beasts)
 i - an amulet of guardian spirit (around neck)
   (You found it on level 2 of the Dungeon)
 n - the ring of Waumpyt (left hand) {+Fly rC+ Str+2}
   (You found it on level 8 of the Dungeon)

   [ring of flight]

   It affects your strength (+2).
   It protects you from cold.
   It lets you fly.
 p - a +4 ring of protection (right hand)
   (You found it on level 6 of the Lair of Beasts)
 A - a +5 ring of dexterity
   (You found it on level 2 of the Lair of Beasts)
 E - an uncursed ring of fire
   (You found it on level 4 of the Lair of Beasts)
 P - an uncursed ring of protection from cold
   (You found it on level 14 of the Dungeon)
 S - an uncursed ring of resist corrosion {unknown}
   (You found it on level 15 of the Dungeon)
Wands
 y - a wand of paralysis (32)
   (You found it on level 3 of the Lair of Beasts)
 B - a wand of acid (15)
   (You found it on level 3 of the Lair of Beasts)
 F - a wand of clouds (9)
   (You took it off Maggie on level 10 of the Dungeon)
 I - a wand of iceblast (6)
   (You found it on level 6 of the Lair of Beasts)
Scrolls
 j - 4 scrolls of magic mapping
 r - 4 scrolls of identify
 t - 4 scrolls of teleportation
 x - 2 scrolls of remove curse
 z - 2 scrolls of blinking
 G - 3 scrolls of silence
 L - 3 scrolls of fear
 M - a scroll of immolation
 N - a scroll of holy word {unknown}
 O - 2 scrolls of fog
 R - a scroll of vulnerability {unknown}
Potions
 b - 2 potions of magic
 d - 3 potions of might
 f - a potion of lignification
 g - 2 potions of cancellation
 h - 2 potions of haste
 l - 5 potions of mutation
 o - a potion of resistance
 q - 4 potions of curing
 u - 3 potions of flight
 w - 2 potions of heal wounds
 C - 3 potions of invisibility
 H - 2 potions of berserk rage
Comestibles
 e - 12 rations


   Skills:
 + Level 16.9(16.2) Fighting
 - Level 18.0(17.2) Axes
 + Level 16.9(16.2) Armour
 - Level 15.0(14.3) Shields


You had 14 spell levels left.
You didn't know any spells.
Your spell library was empty.

Dungeon Overview and Level Annotations

Branches:
Dungeon (15/15)            Temple (0/1) D:4            Lair (6/6) D:10
 Shoals (0/4) Lair:4        Snake (0/4) Lair:4          Orc (2/2) D:11
    Elf (0/3) Orc:2        Vaults (0/5) D:14         Depths (0/5) D:15
  Sewer (visited)
  Slime: Lair:5-6

Altars:
Ashenzari
Cheibriados
Dithmenos
Elyvilon
Gozag
Kikubaaqudgha
Nemelex Xobeh
Qazlal
Ru
Sif Muna
Trog
Uskayaw
Xom
Yredelemnul
Zin
The Shining One

Shops:
D:12 [   D:14 [?[   Orc:2 :*[=   Lair:1 *

Portals:
Trove: D:12 (show abyssal rune of Zot)

Annotations:
D:10 1 runed translucent door, bmj180's ghost, novice DrCj
D:15 Lymofoloam's ghost, journeyman DDFi
Lair:1 3 runed translucent doors, Mierey's ghost, novice DDFi; Neriamm's ghost, journeyman HOFi
Lair:5 exclusion: oklob plant


Innate Abilities, Weirdness & Mutations

You reflexively headbutt those who attack you in melee.
You have a pair of horns on your head.


Message History

Something touches you but does no damage.
The lich touches you.
You hear some strange, mumbled words.
A lance of force appears from out of thin air!
The lance of force hits you!!!
* * * LOW HITPOINT WARNING * * *
You are knocked back by the lance of force.
You slam into the translucent stone wall!
The lich points at you and mumbles some strange words.
The iron shot hits you!!!
* * * LOW HITPOINT WARNING * * *
You turn to flesh and can move again.
You're too confused!
Unknown command.
You feel better.
You hear some strange, mumbled words.
An iron shot appears from out of thin air!
The iron shot hits you!!
You die...
Your body crumbles into a pile of gold.

######## #####.{L...#
#....1L@...########
####''{###........######
#....(W.##.............
#([.⌠_⌠.)"#.......##....
###=#.#:###.......#...≈.
###[### ###.#####....§
### #.# #.≈.#≈
##.#####..≈≈§
#........≈≈§§


You could see 2 liches, an Executioner and Lymofoloam's ghost.

Vanquished Creatures
  A fire giant (D:15)
  2 entropy weavers
  Snorg (Lair:6)
  An ettin (Orc:2)
  A fire dragon (Lair:6)
  A great orb of eyes (D:12)
  Erica (D:10)
  10 hydras
  3 death knights
  3 centaur warriors
  An ogre mage (D:15)
  8 two-headed ogres
  3 orc high priests (Orc:2)
  A queen ant (Lair:5)
  3 tengu warriors
  Urug (Orc:1)
  3 unseen horrors
  A wizard (D:14)
  3 skeletal warriors
  6 orc knights
  Pikel (D:7)
  A lindwurm (Lair:6)
  A phantasmal warrior (D:14)
  3 deep elf magi
  17 ugly things
  3 manticores (D:14)
  4 cyclopes
  5 orc sorcerers
  3 black mambas
  A gargoyle (D:12)
  4 elephants (Lair:6)
  Joseph (D:8)
  8 torpor snails
  10 spiny frogs
  Maggie (D:10)
  5 komodo dragons
  A freezing wraith (D:14)
  2 rime drakes
  5 tengu conjurers
  A queen bee (shapeshifter) (D:12)
  6 hornets (Lair:6)
  7 trolls
  A polar bear (Lair:2)
  7 blink frogs
  4 tyrant leeches (Lair:6)
  A meliai zombie (D:14)
  16 slime creatures
  9 hippogriffs
  A harpy skeleton (D:15)
  3 shadows
  54 yaks
  5 wraiths
  3 wyverns
  5 hungry ghosts
  11 vampire mosquitoes
  10 basilisks
  5 wargs
  2 acid dragons
  24 soldier ants
  4 nagas (Lair:4)
  13 water moccasins
  13 porcupines
  28 orc warriors
  2 sky beasts
  5 ice beasts
  3 slaves (D:7)
  An eye of draining (D:12)
  12 ogres
  5 black bears
  15 centaurs
  A phantom (D:5)
  10 crocodiles
  26 bullfrogs
  7 big kobolds
  A gnoll sergeant (D:9)
  A wyvern zombie (D:13)
  5 scorpions
  8 killer bees
  A howler monkey (D:5)
  4 wights
  11 crimson imps
  A quasit (D:8)
  3 centaur zombies
  21 orc wizards
  Crazy Yiuf (D:3)
  4 hounds
  20 orc priests
  2 bullfrog skeletons
  6 centaur skeletons
  4 jellies
  Terence (D:3)
  7 iguanas
  33 worker ants
  A hound zombie (D:11)
  A hound skeleton (D:8)
  A worker ant zombie (D:8)
  Robin (D:3)
  12 adders
  6 gnolls
  5 shadow imps
  6 oozes (Sewer)
  An adder zombie (D:9)
  2 adder skeletons
  3 worms
  2 dart slugs
  10 leopard geckos
  91 orcs
  A giant cockroach (D:2)
  10 goblins
  5 hobgoblins
  7 jackals
  3 quokkas
  6 ball pythons
  14 bats
  7 frilled lizards
  A giant cockroach zombie (D:6)
  28 kobolds
  A leopard gecko skeleton (D:5)
  8 rats
  3 fungi
  A plant (Lair:6)
821 creatures vanquished.

Vanquished Creatures (others)
  8 fungi
  15 plants
23 creatures vanquished.

Grand Total: 844 creatures vanquished

Notes
Turn   | Place    | Note
-------+----------+-------------------------------------------
     0 | D:1      | Flugslaktarn the Minotaur Fighter began the quest for the
                  | Orb.
     0 | D:1      | Reached XP level 1. HP: 19/19 MP: 0/0
   180 | D:1      | Reached XP level 2. HP: 24/27 MP: 1/1
   316 | D:2      | Reached skill level 3 in Axes
   423 | D:2      | Reached XP level 3. HP: 33/33 MP: 2/2
   527 | D:3      | Reached XP level 4. HP: 24/40 MP: 1/3
   731 | D:3      | Noticed Terence
   745 | D:3      | Killed Terence
   745 | D:3      | Reached skill level 4 in Axes
   849 | D:3      | Found a shimmering blue altar of Sif Muna.
  1007 | D:3      | Noticed Robin
  1014 | D:3      | Killed Robin
  1014 | D:3      | Reached XP level 5. HP: 47/47 MP: 4/4
  1253 | D:3      | Found a runed translucent door.
  1254 | D:3      | Noticed Crazy Yiuf
  1487 | D:3      | Found a sparkling altar of Nemelex Xobeh.
  1488 | D:3      | Found an opulent altar of Gozag.
  1496 | D:3      | Became a worshipper of Gozag Ym Sagoz the Greedy
  1731 | D:3      | Killed Crazy Yiuf
  1810 | D:4      | Found a staircase to the Ecumenical Temple.
  1888 | D:4      | Found a glowing drain.
  1892 | Sewer    | Entered a sewer
  1915 | Sewer    | Reached skill level 5 in Axes
  1915 | Sewer    | Reached XP level 6. HP: 38/55 MP: 5/5
  2297 | Sewer    | Reached skill level 5 in Fighting
  2297 | Sewer    | Reached skill level 5 in Armour
  2297 | Sewer    | Reached skill level 5 in Shields
  2543 | Sewer    | Reached skill level 6 in Axes
  2759 | Sewer    | Reached XP level 7. HP: 60/61 MP: 6/6
  3253 | D:4      | Found a basalt altar of Yredelemnul.
  3471 | D:4      | Found a white marble altar of Elyvilon.
  3707 | D:5      | Entered Level 5 of the Dungeon
  3829 | D:5      | Reached skill level 7 in Axes
  4292 | D:5      | Found a sacrificial altar of Ru.
  4326 | D:5      | Reached XP level 8. HP: 70/70 MP: 7/7
  4942 | D:6      | Reached skill level 8 in Axes
  5203 | D:6      | Found a shadowy altar of Dithmenos.
  5311 | D:6      | Found a shadowy altar of Dithmenos.
  5812 | D:7      | Reached skill level 9 in Axes
  5915 | D:7      | Found a faded altar of an unknown god.
  5915 | D:7      | Found a bloodstained altar of Trog.
  5920 | D:7      | Found a glowing golden altar of the Shining One.
  5922 | D:7      | Found a snail-covered altar of Cheibriados.
  5924 | D:7      | Found a faded altar of an unknown god.
  6063 | D:7      | Noticed Pikel
  6087 | D:7      | Killed Pikel
  6087 | D:7      | Reached XP level 9. HP: 53/79 MP: 4/8
  6677 | D:8      | Reached skill level 10 in Axes
  6688 | D:8      | Got a sparkling granite ring
  6718 | D:8      | Identified the ring of Waumpyt {+Fly rC+ Str+2} (You found
                  | it on level 8 of the Dungeon)
  7151 | D:8      | Found a hide-covered altar of Uskayaw.
  7152 | D:8      | Noticed Joseph
  7181 | D:8      | Killed Joseph
  7181 | D:8      | Reached skill level 11 in Axes
  7516 | D:8      | Reached XP level 10. HP: 75/90 MP: 7/9
  7632 | D:8      | Found a shimmering altar of Xom.
  8201 | D:9      | Found a glowing silver altar of Zin.
  8383 | D:9      | Found a shattered altar of Ashenzari.
  8387 | D:9      | Saw a vision of the Shoals and the Snake Pit.
  8387 | D:9      | Noticed a salamander
  8387 | D:9      | Noticed a naga ritualist
  8387 | D:9      | Noticed a black mamba
  8387 | D:9      | Noticed a shock serpent
  8387 | D:9      | Noticed a sea snake
  8388 | D:9      | Noticed an anaconda
  8389 | D:9      | Noticed a naga warrior
  8591 | D:10     | Entered Level 10 of the Dungeon
  8613 | D:10     | Noticed Erica
  8649 | D:10     | Killed Erica
  8948 | D:10     | Reached skill level 12 in Axes
  9370 | D:10     | Noticed Maggie
  9393 | D:10     | Killed Maggie
  9393 | D:10     | Reached XP level 11. HP: 35/99 MP: 4/10
  9645 | D:10     | Found a runed translucent door.
  9648 | D:10     | Noticed bmj180's ghost (novice DrCj)
  9649 | D:10     | Found the +7 lajatang of Order {silver, rMut}
  9778 | D:10     | Found a staircase to the Lair.
  9915 | D:11     | Noticed a red ugly thing
  9922 | D:11     | Killed a red ugly thing
  9922 | D:11     | Reached skill level 10 in Armour
  9924 | D:11     | Noticed a five-headed hydra
  9940 | D:11     | Reached skill level 10 in Fighting
  9940 | D:11     | Reached skill level 10 in Shields
  9946 | D:11     | Reached skill level 13 in Axes
  9946 | D:11     | Killed a six-headed hydra
 10225 | D:11     | Found a staircase to the Orcish Mines.
 10585 | D:11     | Noticed an eight-headed hydra
 10648 | Lair:1   | Entered Level 1 of the Lair of Beasts
 10684 | Lair:1   | Bought a brightly glowing chain mail for 294 gold pieces
 10694 | Lair:1   | Identified the +8 chain mail of the Fiend {rC+} (You bought
                  | it in a shop on level 1 of the Lair of Beasts)
 10775 | Lair:1   | Found a runed translucent gate.
 10775 | Lair:1   | Found a runed translucent gate.
 10776 | Lair:1   | Found a runed translucent gate.
 10777 | Lair:1   | Noticed Neriamm's ghost (journeyman HOFi)
 10778 | Lair:1   | Noticed Mierey's ghost (novice DDFi)
 11521 | Lair:1   | Reached skill level 14 in Axes
 12266 | Lair:2   | Reached XP level 12. HP: 76/110 MP: 11/11
 12581 | Lair:2   | Noticed a five-headed hydra
 12596 | Lair:2   | Killed an 11-headed hydra
 13362 | Lair:3   | Got a heavily runed amethyst amulet
 13364 | Lair:3   | Identified the amulet "Ecedotiz" {Faith Dex+2} (You found
                  | it on level 3 of the Lair of Beasts)
 13885 | Lair:3   | Reached skill level 15 in Axes
 14428 | Lair:4   | Found a staircase to the Snake Pit.
 14585 | Lair:4   | Found a staircase to the Shoals.
 15844 | Lair:5   | Noticed a six-headed hydra
 15850 | Lair:5   | Killed an eight-headed hydra
 15985 | Lair:5   | Noticed an entropy weaver
 15985 | Lair:5   | Noticed a queen ant
 15986 | Lair:5   | Noticed an entropy weaver
 16123 | Lair:4   | HP: 5/112 [poisoned by a soldier ant]
 16552 | Lair:4   | Killed an entropy weaver
 16552 | Lair:4   | Reached skill level 16 in Axes
 16552 | Lair:4   | Reached XP level 13. HP: 62/118 MP: 4/12
 16833 | Lair:5   | Killed an entropy weaver
 17889 | Lair:5   | You fall into a shaft and drop 1 floor!
 17889 | Lair:6   | Entered Level 6 of the Lair of Beasts
 18951 | Lair:6   | Found a runed translucent door.
 18952 | Lair:6   | Noticed a fire dragon
 18955 | Lair:6   | Reached skill level 17 in Axes
 18973 | Lair:6   | Killed a fire dragon
 19238 | Lair:6   | Paralysed by a hornet for 1 turns
 19252 | Lair:6   | Paralysed by a hornet for 3 turns
 19590 | Lair:6   | Paralysed by a hornet for 2 turns
 20113 | Lair:6   | Noticed Snorg
 20130 | Lair:6   | Killed Snorg
 20135 | Lair:6   | Reached XP level 14. HP: 78/129 MP: 7/13
 21118 | Orc:1    | Entered Level 1 of the Orcish Mines
 21742 | Orc:2    | Entered Level 2 of the Orcish Mines
 21758 | Orc:2    | Found a staircase to the Elven Halls.
 22094 | Orc:2    | Reached skill level 18 in Axes
 22824 | Orc:2    | Found Coluazip's Assorted Antiques.
 22824 | Orc:2    | Found Pouc's Book Shop.
 22939 | Orc:2    | Found Elloshrypp's Jewellery Shoppe.
 22939 | Orc:2    | Found Reghea's Antique Armour Shop.
 22978 | Orc:2    | Bought a glowing scarf for 200 gold pieces
 22988 | Orc:2    | Bought a pair of embroidered gloves for 187 gold pieces
 23339 | Orc:1    | Noticed Urug
 23349 | Orc:1    | Killed Urug
 24323 | D:12     | Found a portal to a secret trove of treasure.
 24336 | D:12     | Found Fuidd's Armour Shoppe.
 24960 | D:12     | Paralysed by a great orb of eyes for 4 turns
 25035 | D:12     | Found the +8 glaive of the Guard {elec, +Rage AC+5 SInv}
 25773 | D:12     | Found a stormy altar of Qazlal.
 26433 | D:13     | Reached XP level 15. HP: 123/139 MP: 11/14
 26524 | D:13     | Reached skill level 15 in Fighting
 26524 | D:13     | Reached skill level 15 in Armour
 26524 | D:13     | Reached skill level 15 in Shields
 29042 | D:14     | Found a gate to the Vaults.
 29118 | D:15     | Entered Level 15 of the Dungeon
 29159 | D:15     | Noticed a fire giant
 29709 | D:14     | Bought a heavily runed cloak for 247 gold pieces
 29719 | D:14     | Identified the +0 cloak "Molefoil" {Str+3} (You bought it
                  | in a shop on level 14 of the Dungeon)
 29721 | D:14     | Bought a scroll of fear for 35 gold pieces
 29721 | D:14     | Bought a scroll of fog for 20 gold pieces
 29723 | D:14     | Bought a ration for 60 gold pieces
 29723 | D:14     | Bought a ration for 60 gold pieces
 29723 | D:14     | Bought a ration for 60 gold pieces
 29723 | D:14     | Bought a ration for 60 gold pieces
 29723 | D:14     | Bought a ration for 60 gold pieces
 29723 | D:14     | Bought a ration for 60 gold pieces
 29723 | D:14     | Bought a ration for 60 gold pieces
 29723 | D:14     | Bought a ration for 60 gold pieces
 29741 | D:15     | Killed a fire giant
 30235 | D:15     | Found a staircase to the Depths.
 30444 | D:15     | Paralysed by an orc sorcerer for 5 turns
 30856 | D:15     | Found a runed translucent gate.
 30856 | D:15     | Found a runed translucent gate.
 30856 | D:15     | Found a runed translucent gate.
 30856 | D:15     | Found an ancient bone altar of Kikubaaqudgha.
 30856 | D:15     | Noticed a lich
 30856 | D:15     | Noticed a lich
 30856 | D:15     | Noticed a lich
 30856 | D:15     | Noticed Lymofoloam's ghost (journeyman DDFi)
 30857 | D:15     | Noticed a lich
 30883 | D:15     | Noticed an Executioner
 30885 | D:15     | Killed from afar by a lich

Levels and vault maps discovered:
D:1:      elethiomel_arrival_infinity_welcomes_careful_drivers, layout_basic,
          nemelex_altar_shiori
D:2:      layout_rooms, serial_forest, infiniplex_forest_clump_double,
          infiniplex_forest_lined_1, first_ration, bh_walls_and_bars
D:3:      layout_loops_ring, grunt_temple_overflow_opulence, led_sif_pool,
          uniq_crazy_yiuf_cottage, uniq_terence, uniq_robin
D:4:      kennysheep_big_flooded_room, layout_loops_cross, kennysheep_ying_yang,
          temple_fountains, gup_sewer_entry_bowl, kennysheep_generic_room_5
D:5:      layout_gridville, nicolae_ru_sacrificial_ziggurat,
          roderic_serpentine_path
D:6:      layout_basic, nicolae_overflow_crystal_walls,
          nicolae_dithmenos_through_a_glass_darkly
D:7:      layout_basic, chequers_temple_overflow_minitemple, uniq_pikel
D:8:      layout_basic, xom_butterflies, eat_drink_and_be_merry_uskayaw,
          grunt_ogre_cave, st_stairs_13, uniq_joseph
D:9:      layout_basic, marbit_many_paths, chequers_arboretum,
          small_chamber_with_monster, grunt_ashenzari_visionary
          [grunt_ashenzari_visionary_shoals, grunt_ashenzari_visionary_snake]
D:10:     layout_roguey, grunt_lair_entry_orc_guard_hut,
          ebering_ghost_reflecting_pool, uniq_erica, uniq_maggie
D:11:     layout_rooms, erik_orc_4, minmay_misc_feat_doors,
          chequers_serial_rivers_room_b
D:12:     minmay_the_grid_plus_closed [minmay_the_grid_pillar_ring,
          minmay_the_grid_aliased_spiral, minmay_the_grid_small_cups,
          minmay_the_grid_paths, minmay_the_grid_prize_trominoes],
          layout_grid_maze, nicolae_trove_entry_crossroad, serial_shops,
          shop_fountains, grunt_qazlal_clouds
D:13:     layout_big_octagon, hangedman_decor_points
D:14:     layout_gridville, david_vaults_1
D:15:     grunt_enter_depths_giant_problem, layout_rooms, nicolae_benzene_ring,
          gammafunk_ghost_crypt, roderic_lattice_a, grunt_ministairs_2
Lair:1:   layout_cave_shapes, gammafunk_ghost_cemetery, grunt_megastairs_1
Lair:2:   layout_layer_cave, chequers_serial_rivers_large_b
Lair:3:   beast_lair_carwin_large_1, layout_small_grid
Lair:4:   wad_woods_structure_01, layout_gridlike, shoals_dummy_entry,
          guppyfry_snake_entry_island
Lair:5:   layout_regular_city, minmay_slime_entry_oklob_enclosed, zaba_anthell,
          grunt_megastairs_2
Lair:6:   wormcave, layout_layer_cave, uniq_snorg
Orc:1:    layout_diamond_mine, roderic_batcave, uniq_urug
Orc:2:    grunt_orc_tribal_feast, layout_diamond_mine

Skill      XL: |  1  2  3  4  5  6  7  8  9 10 11 12 13 14 15 |
---------------+----------------------------------------------+-----
Axes           | 3 4 5 6 7 9 11 12 14 16 17 18 | 18.0
Fighting       | 4 5 6 7 8 9 11 12 13 14 16 | 16.9
Armour         | 4 5 6 7 8 9 11 12 13 14 16 | 16.9
Shields        | 4 5 6 7 8 9 11 12 13 14 15 | 15.0

Action                   |  1- 3 |  4- 6 |  7- 9 | 10-12 | 13-15 || total
-------------------------+-------+-------+-------+-------+-------++-------
Melee: War axe           |    51 |   176 |   359 |   292 |       ||   878
       Headbutt          |     6 |    23 |    75 |   154 |   390 ||   648
       Broad axe         |       |       |       |   337 |  1231 ||  1568
Invok: Potion Petition   |       |       |     1 |       |       ||     1
       Call Merchant     |       |       |       |     1 |     4 ||     5
Evoke: Wand              |       |       |       |     1 |       ||     1
  Use: Potion            |       |     1 |       |     2 |     2 ||     5
       Scroll            |       |       |    10 |    12 |    15 ||    37
 Stab: Distracted        |       |     1 |     1 |     5 |    17 ||    24
  Eat: Chunk             |       |     3 |       |       |       ||     3
       Ration            |       |     1 |     6 |     9 |    16 ||    32
Armor: Scale mail        |    24 |       |       |       |       ||    24
       Chain mail        |     4 |    92 |   205 |   178 |   664 ||  1143
       Plate armour      |       |       |       |   132 |       ||   132
Dodge: Dodged            |    21 |    38 |    96 |   176 |   288 ||   619
Block: Kite shield       |    22 |    92 |   194 |   362 |   757 ||  1427

Table legend:
 A = Non-vault XP
 B = Vault XP
 C = Vault XP percentage of total XP
 D = Non-vault monster count
 E = Vault monster count
 F = Vault count percentage of total count
                 A         B        C        D         E       F
            +---------+---------+-------+---------+---------+-------
      Total |  102673 |   46039 |  31.0 |     589 |     225 |  27.6
            +---------+---------+-------+---------+---------+-------
        D:1 |      13 |       0 |   0.0 |       7 |       0 |   0.0
        D:2 |      47 |       0 |   0.0 |      18 |       0 |   0.0
        D:3 |      91 |     116 |  56.0 |      22 |      13 |  37.1
        D:4 |     405 |       6 |   1.5 |      16 |       4 |  20.0
        D:5 |     505 |       0 |   0.0 |      12 |       0 |   0.0
        D:6 |     734 |       0 |   0.0 |      17 |       0 |   0.0
        D:7 |     678 |     641 |  48.6 |       8 |       1 |  11.1
        D:8 |    1702 |     617 |  26.6 |      35 |       3 |   7.9
        D:9 |     787 |     277 |  26.0 |      27 |       2 |   6.9
       D:10 |    2184 |    2195 |  50.1 |      20 |       7 |  25.9
       D:11 |    4039 |     572 |  12.4 |      34 |      17 |  33.3
       D:12 |    8310 |    7044 |  45.9 |      41 |      19 |  31.7
       D:13 |    8359 |       0 |   0.0 |      45 |       0 |   0.0
       D:14 |   23771 |    2417 |   9.2 |      77 |       4 |   4.9
       D:15 |   12522 |    2329 |  15.7 |      38 |       4 |   9.5
     Lair:1 |    4196 |     109 |   2.5 |      21 |       1 |   4.5
     Lair:2 |    5743 |       0 |   0.0 |      25 |       0 |   0.0
     Lair:3 |    2303 |    1439 |  38.5 |      12 |       8 |  40.0
     Lair:4 |    3206 |    4122 |  56.2 |      17 |      12 |  41.4
     Lair:5 |    4525 |    7326 |  61.8 |      14 |      44 |  75.9
     Lair:6 |   10730 |    7872 |  42.3 |      34 |      18 |  34.6
      Orc:1 |    3617 |     826 |  18.6 |      27 |      10 |  27.0
      Orc:2 |    4206 |    7673 |  64.6 |      22 |      30 |  57.7
      Sewer |       0 |     458 | 100.0 |       0 |      28 | 100.0
            +---------+---------+-------+---------+---------+-------
